 Dungeon Crawl Stone Soup version 0.29-a0-297-g7659ce593d (webtiles) character file.

Game seed: 18394928931643555907

38 kae the Firebug (level 3, -3/20 HPs)
             Began as a Tengu Fire Elementalist on Mar 20, 2022.
             Killed from afar by Natasha (6 damage)
             ... with a magic dart
             ... on level 2 of the Dungeon.
             The game lasted 00:01:05 (1523 turns).

kae the Firebug (Tengu Fire Elementalist)           Turns: 1523, Time: 00:01:05

Health: -3/20      AC:  2    Str:  8    XL:     3   Next: 43%
Magic:  3/7        EV: 12    Int: 17    God:
Gold:   4          SH:  0    Dex: 14    Spells: 0/6 levels left

rFire   + . .      SeeInvis .   e - +1 whip
rCold   x . .      Faith    .   (no shield)
rNeg    + . .      Spirit   .   a - +0 robe
rPois   .          Reflect  .   (helmet restricted)
rElec   .          Harm     .   (no cloak)
rCorr   .          Rampage  .   (no gloves)
Will    +....                   (boots unavailable)
Stlth   ++........              (no amulet)
HPRegen 0.06/turn               f - ring "Yffaset" {Fire Contam rN+ Will+}
MPRegen 0.10/turn               (no ring)

@: no status effects
A: beak, talons 3
a: no special abilities


You were on level 2 of the Dungeon.
You visited 1 branch of the dungeon, and saw 2 of its levels.

You collected 60 gold pieces.
You spent 56 gold pieces at shops.

Inventory:

Hand Weapons
 e - a +1 whip (weapon)
Armour
 a - a +0 robe (worn)
Jewellery
 f - the ring "Yffaset" (left hand) {Fire Contam rN+ Will+}
   (You acquired it on level 2 of the Dungeon)

   [ring of fire]

   It enhances your fire magic.
   rF:        It protects you from fire.
   rC:        It makes you vulnerable to cold.
   rN:        It protects you from negative energy.
   Contam:    It causes magical contamination when unequipped.
   Will:      It increases your willpower.
Scrolls
 c - a scroll of identify
 d - a scroll of holy word
 h - a scroll of noise
 i - a scroll of teleportation
Potions
 b - a potion of magic


   Skills:
 + Level 1.0 Fighting
 - Level 2.1 Dodging
 - Level 2.0 Stealth
 + Level 2.3 Spellcasting
 + Level 2.2 Conjurations
 * Level 4.0 Fire Magic


You couldn't memorise any spells.
You knew the following spells:

 Your Spells              Type           Power      Damage    Failure   Level
a - Foxfire               Conj/Fire      72%        2x1d7     5%          1
b - Scorch                Fire           46%        2d7       5%          2
c - Conjure Flame         Conj/Fire      18%        6-21      16%         3

Your spell library contained the following spells:

 Spells                   Type           Power      Damage    Failure   Level
 Inner Flame              Hex/Fire       13%        N/A       24%         3
 Flame Wave               Conj/Fire      18%        2d6       45%         4


Dungeon Overview and Level Annotations

Branches:
Dungeon (2/15)

Altars:

Shops:
D:2 ?

Annotations:
D:2 Natasha


Innate Abilities, Weirdness & Mutations

You have a beak for a mouth.
You have claws for feet.


Message History

Casting: Foxfire (safe; 5% risk of failure)
Confirm with . or Enter, or press ? or * to list all spells.
You feel a surge of power!
You conjure some foxfire!
Natasha claws you.
The foxfire hits Natasha.
Natasha is heavily wounded.
Your foxfire dissipates!
Natasha claws you but does no damage.
Casting: Foxfire (safe; 5% risk of failure)
Confirm with . or Enter, or press ? or * to list all spells.
You feel a surge of power!
You conjure some foxfire!
Natasha stares at you and mumbles some strange words.
You resist with almost no effort.
The foxfire hits Natasha.
Natasha is heavily wounded.
The foxfire hits Natasha but does no damage.
Natasha is heavily wounded.
Your foxfire dissipates!
Natasha mumbles some strange words.
You barely miss Natasha. Your kick misses Natasha.
Natasha is heavily wounded.
Natasha closely misses you.
You hit Natasha.
Natasha is severely wounded.
Natasha barely misses you.
Casting: Foxfire (safe; 5% risk of failure)
Confirm with . or Enter, or press ? or * to list all spells.
You feel a surge of power!
You conjure some foxfire!
Natasha casts a spell at you. The magic dart hits you.
The foxfire hits the white imp.
The white imp is burned terribly!
The white imp is moderately wounded.
The foxfire hits the white imp.
The white imp is burned terribly!
The white imp is severely wounded.
Natasha claws you.
* * * LOW HITPOINT WARNING * * *
You barely miss Natasha. Your peck misses Natasha.
Natasha is heavily wounded.
Natasha stares at you and mumbles some strange words.
The magic dart hits you.
You die...

#.# #.###### #.#
.....## #.# #.#
#.#.... #.# #.#
#.#... #.# #.#
#.#..# #.# #∩#
#.#..# #.# #.#
#.#..# ... #.#
#.#..#)#.. #.#
#.# #.@5.....#
#.# #<#h...#..
#.#####.#......#
#.......#..#.#..
#######.#... ..#
.#§.##. .. ##
### .# . .


You could see Natasha and a white imp (summoned).

Vanquished Creatures
  An adder (D:2)
  2 dart slugs (D:1)
  3 ball pythons (D:1)
  3 endoplasms (D:1)
  2 giant cockroaches (D:1)
  3 goblins
  2 hobgoblins (D:1)
  A kobold (D:1)
  2 bats
  4 rats
23 creatures vanquished.

Vanquished Creatures (others)
  68 foxfires
68 creatures vanquished.

Grand Total: 91 creatures vanquished

Notes
Turn   | Place    | Note
-------+----------+-------------------------------------------
     0 | D:1      | kae the Tengu Fire Elementalist began the quest for the
                  | Orb.
     0 | D:1      | Reached XP level 1. HP: 10/10 MP: 4/4
   167 | D:1      | Reached XP level 2. HP: 14/16 MP: 3/6
  1061 | D:1      | Reached XP level 3. HP: 17/20 MP: 5/7
  1064 | D:1      | Learned a level 2 spell: Scorch
  1068 | D:1      | Learned a level 3 spell: Conjure Flame
  1124 | D:1      | Found a faded altar of an unknown god.
  1465 | D:2      | Reached skill level 1 in Fighting
  1465 | D:2      | Reached skill level 4 in Fire Magic
  1476 | D:2      | Found Xoqec's Magic Scroll Emporium.
  1484 | D:2      | Bought a scroll of noise for 14 gold pieces
  1484 | D:2      | Bought a scroll of teleportation for 42 gold pieces
  1486 | D:2      | Identified a scroll of acquirement
  1486 | D:2      | Acquired the ring "Yffaset" {Fire Contam rN+ Will+}
  1510 | D:2      | Noticed Natasha
  1523 | D:2      | Killed from afar by Natasha

Illustrated notes

Levels and vault maps discovered:
D:1:      ebering_trefoil_twist, layout_basic, ebering_ecumenical_altar_hall
D:2:      layout_loops_ring, serial_shops, shop, minmay_misc_feat_pillars,
          uniq_natasha

Skill      XL: |  1  2  3 |
---------------+----------+-----
Conjurations   | 2 |  2.2
Fighting       | 1 |  1.0
Fire Magic     | 4 |  4.0
Dodging        | |  2.1
Stealth        | |  2.0
Spellcasting   | |  2.3

Action                   || total
-------------------------++-------
Melee: Unarmed           ||     2
       Whip              ||    20
       Peck              ||     3
       Kick              ||     4
 Cast: Foxfire           ||    36
  Use: Scroll            ||     3
 Stab: Sleeping          ||     1
Armor: Robe              ||     6
Dodge: Dodged            ||    22

Table legend: (Time is in decaauts)
 A = Elapsed time spent in this place.
 B = Non-inter-level travel time spent in this place.
 C = Inter-level travel time spent in this place.
 D = Time resting spent in this place.
 E = Time spent auto-exploring this place.
 F = Levels seen in this place.
 G = Mean time per level.
                   A        B        C        D        E       F      G
               +--------+--------+--------+--------+--------+-----+--------+
         Total |   1523 |   1514 |      9 |      0 |   1330 |   2 |  761.5 |
       Dungeon |   1523 |   1514 |      9 |      0 |   1330 |   2 |  761.5 |
               +--------+--------+--------+--------+--------+-----+--------+

Top non-repeatable levels by time:
     D:1: 1308 daAuts
     D:2: 215 daAuts
